 Dungeon Crawl Stone Soup version 0.30-a0-465-g8901f6c8b5 (webtiles) character file.

Game seed: 16710126651933140759

361 Bnni the Grave Robber (level 6, -1/46 HPs)
             Began as a Demonspawn Necromancer on Dec 18, 2022.
             Slain by an ogre
             ... wielding a +0 giant club
              (27 damage)
             ... on level 4 of the Dungeon.
             The game lasted 00:07:06 (3109 turns).

Bnni the Grave Robber (Demonspawn Necromancer)      Turns: 3109, Time: 00:07:07

Health: -1/46      AC:  7    Str:  8    XL:     6   Next: 38%
Magic:  10/10      EV: 12    Int: 19    God:
Gold:   248        SH:  5    Dex: 13    Spells: 3/11 levels left

rFire   . . .      SeeInvis .    w - +2 dagger (venom)
rCold   . . .      Faith    .    (no shield)
rNeg    . . .      Spirit   .    a - +0 robe
rPois   .          Reflect  +    o - +2 helmet
rElec   .          Harm     .    j - +0 cloak
rCorr   .          Rampage  .    (no gloves)
Will    .....                    q - +0 pair of boots
Stlth   ++........               E - amulet of reflection
HPRegen 0.27/turn                (no ring)
MPRegen 0.12/turn                (no ring)

@: no status effects
A: claws 1, hooves 1, spiny 1, weakness stinger 1
a: no special abilities


You were on level 4 of the Dungeon.
You visited 1 branch of the dungeon, and saw 4 of its levels.

You collected 248 gold pieces.

Inventory:

Hand Weapons
 c - a +0 spear
 w - a +2 dagger of venom (weapon)
 C - a +0 dagger of electrocution
Missiles
 l - 6 boomerangs
 u - 2 throwing nets
 D - 8 poisoned darts
Armour
 a - a +0 robe (worn)
 d - a scarf of invisibility
 j - a +0 cloak (worn)
 o - a +2 helmet (worn)
 q - a +0 pair of boots (worn)
 x - a +0 buckler
Jewellery
 E - an amulet of reflection (around neck)
 F - an amulet of faith
Wands
 p - a wand of flame (20)
 B - a wand of paralysis (3)
Scrolls
 i - a scroll of poison {unknown}
 k - a scroll of teleportation {unknown}
 m - 3 scrolls of amnesia {unknown}
 n - a scroll of silence {unknown}
 s - a scroll of fog
 t - a scroll of magic mapping
 v - a scroll of blinking
 y - a scroll of enchant weapon
 A - a scroll of enchant armour {unknown}
Potions
 b - a potion of magic
 e - a potion of cancellation
 f - 2 potions of curing
 g - a potion of invisibility
 h - a potion of flight {unknown}
 r - a potion of heal wounds {unknown}
 z - 3 potions of brilliance {unknown}


   Skills:
 + Level 2.8 Fighting
 - Level 1.7 Dodging
 - Level 1.7 Stealth
 - Level 1.3 Shields
 * Level 0.7 Unarmed Combat
 - Level 3.3 Spellcasting
 - Level 6.5 Necromancy


You had 3 spell levels left.
You knew the following spells:

 Your Spells              Type           Power      Damage    Failure   Level
a - Necrotise             Necr           100%       1d9       1%          1
c - Vampiric Draining     Necr           27%        2d7       3%          3
d - Animate Dead          Necr           27%        N/A       10%         4

Your spell library contained the following spells:

 Spells                   Type           Power      Damage    Failure   Level
 Agony                    Necr           27%        N/A       28%         5


Dungeon Overview and Level Annotations

Branches:
Dungeon (4/15)
 Temple: D:4-7

Altars:
Wu Jian


Innate Abilities, Weirdness & Mutations

You have sharp fingernails.
You have large cloven feet.
You are partially covered in sharp spines.
You have a small tail.


Message History

Found a stone staircase leading up.
You now have 241 gold pieces (gained 10).
You see here a hobgoblin corpse.
m - 3 scrolls labelled RYUSEN CEYLAPHUL (gained 1)
You now have 248 gold pieces (gained 7).
You open the door.
There is an open door here.
A ball python comes into view.
Found a stone staircase leading down.
The helpless ball python fails to defend itself.
You hit the ball python.
You kill the ball python!
No target in view!
You see here a ball python corpse.
You open the door.
Found an ornate altar of the Wu Jian Council.
There is an open door here.
There is an open door here.
You see here a ball python corpse.
There is an open door here.
As you open the door, it creaks loudly!
There is an open door here.
There is an open door here.
An adder comes into view.
Found 9 gold pieces.
Found a scroll of identify.
An ogre comes into view. It is wielding a +0 giant club.
The helpless ogre fails to defend itself.
You puncture the ogre!
The ogre is moderately wounded.
The ogre hits you with a +0 giant club!!
The adder hisses angrily.
You hit the ogre but do no damage.
The ogre is moderately wounded.
You hit the ogre.
The ogre is poisoned.
The ogre is moderately wounded.
The adder bites you but does no damage.
The ogre hits you with a +0 giant club!!
Ouch! That really hurt!
You die...

### ... ## ... ..
#.###.# #.....#
#O?...# ######
##@S$..## #.#....#
#####.........
..#....#
#.........####
#....#
#.########...
#....# #.# ##
##'######.#######
####.####..........
..........#.##.#...
##.#.######.# #


You could see an ogre (very poisoned) and an adder.

Vanquished Creatures
  Blork the orc (D:4)
  A hound (D:4)
  An iguana (D:4)
  Jessica (D:3)
  Ijyb (D:3)
  Terence (D:3)
  Robin (D:2)
  2 adders
  3 gnolls (D:2)
  An ufetubus (D:4)
  2 worms (D:2)
  2 dart slugs
  2 orcs (D:3)
  5 bats
  7 endoplasms
  2 giant cockroaches
  15 goblins
  13 hobgoblins
  3 jackals (D:2)
  4 kobolds
  4 quokkas
  4 ball pythons
  3 frilled lizards
  2 rats (D:1)
81 creatures vanquished.

Notes
Turn   | Place    | Note
-------+----------+-------------------------------------------
     0 | D:1      | Bnni the Demonspawn Necromancer began the quest for the
                  | Orb.
     0 | D:1      | Reached XP level 1. HP: 13/13 MP: 3/3
   360 | D:1      | Gained mutation: You are partially covered in sharp spines.
                  | [demonic ancestry]
   360 | D:1      | Reached XP level 2. HP: 20/20 MP: 3/5
   864 | D:2      | Noticed Robin
   890 | D:1      | Reached skill level 1 in Fighting
   890 | D:1      | Reached skill level 5 in Necromancy
   890 | D:1      | Reached XP level 3. HP: 23/26 MP: 2/6
   894 | D:1      | Learned a level 3 spell: Vampiric Draining
   951 | D:2      | Killed Robin
  1305 | D:2      | Discovered your monstrous ancestry.
  1305 | D:2      | Gained mutation: You have large cloven feet. [demonic
                  | ancestry]
  1305 | D:2      | Reached XP level 4. HP: 32/32 MP: 7/7
  1986 | D:2      | Learned a level 4 spell: Animate Dead
  2295 | D:3      | Noticed Terence
  2303 | D:3      | Killed Terence
  2304 | D:3      | Gained mutation: You have sharp fingernails. [demonic
                  | ancestry]
  2304 | D:3      | Reached XP level 5. HP: 35/38 MP: 7/9
  2324 | D:3      | Noticed Jessica
  2333 | D:3      | Reached skill level 6 in Necromancy
  2338 | D:3      | Killed Jessica
  2384 | D:3      | Noticed Ijyb
  2389 | D:3      | Paralysed by something for 3 turns
  2401 | D:3      | Paralysed by something for 5 turns
  2406 | D:3      | Killed Ijyb
  2694 | D:4      | Reached skill level 1 in Shields
  2781 | D:4      | Noticed Blork the orc
  2802 | D:4      | Killed Blork the orc
  2803 | D:4      | Gained mutation: You have a small tail. [demonic ancestry]
  2803 | D:4      | Reached XP level 6. HP: 19/46 MP: 1/10
  3009 | D:4      | Found an ornate altar of the Wu Jian Council.
  3109 | D:4      | Slain by an ogre

Illustrated notes

Levels and vault maps discovered:
D:1:      minmay_arrival_semitransparent, layout_loops_ring
D:2:      kb_forest_paths, layout_basic, uniq_robin
D:3:      layout_loops_ring, uniq_terence, uniq_ijyb, uniq_jessica
D:4:      layout_basic, nicolae_wu_jian_immortal_techniques,
          chequers_serial_rivers_micro_c, uniq_blork_the_orc

Skill      XL: |  1  2  3  4  5 |
---------------+----------------+-----
Fighting       | 1 2 |  2.8
Necromancy     | 5 6 |  6.5
Spellcasting   | 3 |  3.3
Shields        | 1 |  1.3
Dodging        | |  1.7
Stealth        | |  1.7
Unarmed Combat | |  0.7

Action                   |  1- 3 |  4- 6 || total
-------------------------+-------+-------++-------
Melee: Unarmed           |    19 |       ||    19
       Dagger            |    43 |   126 ||   169
       Punch             |     2 |     1 ||     3
       Tailslap          |       |     1 ||     1
 Cast: Necrotise         |    19 |     2 ||    21
       Vampiric Draining |     2 |     5 ||     7
  Use: Scroll            |       |     7 ||     7
 Stab: Sleeping          |     4 |     8 ||    12
Armor: Robe              |    18 |    42 ||    60
Dodge: Dodged            |    47 |    60 ||   107
Block: Other             |       |     9 ||     9
       Reflection        |       |     2 ||     2

Table legend: (Time is in decaauts)
 A = Elapsed time spent in this place.
 B = Non-inter-level travel time spent in this place.
 C = Inter-level travel time spent in this place.
 D = Time resting spent in this place.
 E = Time spent auto-exploring this place.
 F = Levels seen in this place.
 G = Mean time per level.
                   A        B        C        D        E       F      G
               +--------+--------+--------+--------+--------+-----+--------+
         Total |   3110 |   3000 |    110 |    120 |   2186 |   4 |  777.5 |
       Dungeon |   3110 |   3000 |    110 |    120 |   2186 |   4 |  777.5 |
               +--------+--------+--------+--------+--------+-----+--------+

Top non-repeatable levels by time:
     D:2: 1098 daAuts
     D:1: 888 daAuts
     D:3: 655 daAuts
     D:4: 467 daAuts
